 Dungeon Crawl Stone Soup version 0.28.0-53-g5a82cb258f (webtiles) character file.

Game seed: 6524320857353029363

539 KamiKatze the Conjurer (level 7, -1/41 HPs)
             Began as an Octopode Conjurer on May 27, 2022.
             Slain by an orc warrior
             ... wielding a +0 scimitar
              (17 damage)
             ... on level 3 of the Dungeon.
             The game lasted 00:14:03 (3845 turns).

KamiKatze the Conjurer (Octopode Conjurer)          Turns: 3845, Time: 00:14:04

Health: -1/41      AC:  1    Str:  6    XL:     7   Next: 26%
Magic:  9/12       EV: 13    Int: 22    God:
Gold:   227        SH:  0    Dex: 11    Spells: 2/13 levels left

rFire   . . .      SeeInvis +   m - +2 short sword (flame)
rCold   . . .      Faith    .   (no shield)
rNeg    . . .      Spirit   .   (helmet restricted)
rPois   .          Reflect  .   (no amulet)
rElec   .          Harm     .   j - ring of see invisible
rCorr   .          Rampage  .   (no ring)
Will    .....                   (no ring)
Stlth   +++.......              (no ring)
HPRegen 0.13/turn               (no ring)
MPRegen 0.13/turn               (no ring)
                                (no ring)
                                (no ring)

@: no status effects
A: almost no armour, amphibious, 8 rings, camouflage 1, gelatinous body 1,
(nimble swimmer 1), tentacles
a: no special abilities


You were on level 3 of the Dungeon.
You visited 1 branch of the dungeon, and saw 4 of its levels.

You collected 227 gold pieces.

Inventory:

Hand Weapons
 l - a +1 dagger of draining
 m - a +2 short sword of flaming (weapon)
Missiles
 b - 68 stones (quivered)
 e - 2 poisoned darts
 i - 3 atropa-tipped darts
Armour
 g - a +0 kite shield
Jewellery
 j - a ring of see invisible (left tentacle)
Scrolls
 a - 2 scrolls of identify {unknown}
 d - a scroll of teleportation {unknown}
 f - a scroll of blinking {unknown}
 k - a scroll of silence {unknown}
Potions
 c - a potion of lignification {unknown}
 h - a potion of haste {unknown}
 n - a potion of cancellation {unknown}
 o - a potion of curing {unknown}


   Skills:
 - Level 3.0 Dodging
 - Level 3.0 Stealth
 * Level 3.6 Spellcasting
 * Level 5.3 Conjurations
 * Level 3.1 Hexes
 * Level 3.4 Translocations


You had 2 spell levels left.
You knew the following spells:

 Your Spells              Type           Power      Damage    Failure   Level
a - Magic Dart            Conj           100%       1d8       1%          1
b - Searing Ray           Conj           54%        2d6       1%          2
c - Fulminant Prism       Conj/Hex       11%        3d9       21%         4
d - Iskenderun's Mystic   Conj/Tloc      23%        2d6       19%         4

Your spell library contained the following spells:

 Spells                   Type           Power      Damage    Failure   Level
 Animate Skeleton         Necr           6%         N/A       12%         1
 Pain                     Necr           12%        1d4       12%         1
 Sting                    Tmut/Pois      12%        1d3       12%         1
 Poisonous Vapours        Pois/Air       6%         N/A       19%         2
 Dazzling Flash           Conj/Hex       44%        N/A       6%          3
 Gell's Gravitas          Tloc           19%        N/A       9%          3
 Lesser Beckoning         Tloc           19%        N/A       9%          3
 Teleport Other           Tloc           19%        N/A       9%          3
 Vampiric Draining        Necr           3%         2d6       34%         3
 Olgreb's Toxic Radiance  Pois           3%         N/A       75%         4


Dungeon Overview and Level Annotations

Branches:
Dungeon (4/15)
 Temple: D:4-7

Altars:
Trog
Xom

Annotations:
D:4 Edmund, Menkaure


Innate Abilities, Weirdness & Mutations

You cannot wear most types of armour.
You are amphibious.
You can wear up to eight rings at the same time.
Your skin changes colour to match your surroundings (Stealth+).
Your rubbery body absorbs attacks. (AC +1, EV +1)
((You are camouflaged when in or above water. (Stealth+)))
You have tentacles for arms and can constrict up to eight enemies at once.


Message History

Confirm with . or Enter, or press ? or * to list all spells.
Aiming: Magic Dart (safe; 1% risk of failure)
Press: ? - help, Shift-Dir - straight line, f/p - orc warrior
Aim: an orc warrior, wielding a +0 scimitar and wearing a +0 chain mail (lightly wounded, 100% to hit)
The magic dart hits the orc warrior.
The orc warrior is lightly wounded.
Casting: Magic Dart (safe; 1% risk of failure)
Confirm with . or Enter, or press ? or * to list all spells.
Aiming: Searing Ray (safe; 1% risk of failure)
Press: ? - help, Shift-Dir - straight line, f/p - orc warrior
Aim: an orc warrior, wielding a +0 scimitar and wearing a +0 chain mail (lightly wounded, 77% to hit)
The searing ray hits the orc warrior but does no damage.
The orc warrior is lightly wounded. (Press . to maintain the ray.)
The searing ray misses the orc warrior.
The searing ray hits the orc warrior.
The orc warrior is heavily wounded.
There is a stone staircase leading up here.
The orc warrior hits you with a +0 scimitar!
You climb upwards.
There is a stone staircase leading down here.
The orc warrior hits you with a +0 scimitar!!
* * * LOW HITPOINT WARNING * * *
Things that are here:
a +0 scale mail; a +0 mace
Things that are here:
a +0 leather armour; 2 boomerangs; a +0 mace You see here a +0 dagger.
The orc warrior complains repeatedly.
Casting: Searing Ray (safe; 1% risk of failure)
Confirm with . or Enter, or press ? or * to list all spells.
Aiming: Searing Ray (safe; 1% risk of failure)
Press: ? - help, Shift-Dir - straight line, f - orc warrior
Aim: an orc warrior, wielding a +0 scimitar and wearing a +0 chain mail (moderately wounded, 77% to hit)
The searing ray hits the orc warrior but does no damage.
The orc warrior is moderately wounded. (Press . to maintain the ray.)
The searing ray misses the orc warrior.
The orc warrior hits you with a +0 scimitar!
You die...

#.##.#######. #.##.##......
######## #.##.##......
##).....## #.##.##......
##........## #.#..###...##
#..........# #.#.####..##
#..........###.........###
#..........#........#.....
#........@.#........#.###.
#........o.#........#.# #.
##........##.รท..<.....###+
##.........#.#######..#...
#.............### ##.#...
#...............### #.'##'
#...........###...###.#..#
#..[...........##.....#..#
#....>.....###..#####.#..#


You could see an orc warrior.

Vanquished Creatures
  2 ogres (D:4)
  A necrophage (D:4)
  A hound (D:4)
  An orc priest (D:3)
  An iguana (D:4)
  Terence (D:3)
  An orc wizard (D:3)
  A hound skeleton (D:4)
  4 adders
  A worm (D:2)
  2 dart slugs
  12 orcs
  11 ball pythons
  8 endoplasms
  5 giant cockroaches
  3 goblins
  6 hobgoblins
  8 bats
  4 frilled lizards
  9 kobolds
  3 rats
85 creatures vanquished.

Vanquished Creatures (others)
  8 plants (D:1)
8 creatures vanquished.

Grand Total: 93 creatures vanquished

Notes
Turn   | Place    | Note
-------+----------+-------------------------------------------
     0 | D:1      | KamiKatze the Octopode Conjurer began the quest for the
                  | Orb.
     0 | D:1      | Reached XP level 1. HP: 11/11 MP: 3/3
   128 | D:1      | Reached XP level 2. HP: 15/17 MP: 1/5
   131 | D:1      | Learned a level 2 spell: Searing Ray
   482 | D:1      | Reached skill level 1 in Translocations
   509 | D:1      | Reached XP level 3. HP: 21/21 MP: 0/6
   669 | D:1      | Found a faded altar of an unknown god.
   914 | D:2      | Reached skill level 1 in Hexes
  1556 | D:3      | Found a bloodstained altar of Trog.
  1840 | D:3      | Reached XP level 4. HP: 26/27 MP: 5/7
  1845 | D:3      | Learned a level 4 spell: Fulminant Prism
  2293 | D:3      | Reached XP level 5. HP: 31/31 MP: 0/9
  2441 | D:3      | Noticed Terence
  2472 | D:3      | Killed Terence
  2724 | D:4      | Noticed Edmund
  2812 | D:4      | Found a shimmering altar of Xom.
  2866 | D:4      | Reached XP level 6. HP: 15/36 MP: 0/10
  3045 | D:4      | Reached skill level 5 in Conjurations
  3177 | D:4      | Noticed Menkaure
  3236 | D:4      | Noticed an orc warrior
  3272 | D:4      | Learned a level 4 spell: Iskenderun's Mystic Blast
  3482 | D:4      | Noticed a necrophage
  3498 | D:4      | Killed a necrophage
  3616 | D:4      | Reached XP level 7. HP: 31/41 MP: 5/12
  3845 | D:3      | Slain by an orc warrior

Illustrated notes

Levels and vault maps discovered:
D:1:      amcnicky_arrival_double_pillar, layout_basic,
          dilly_ecumenical_altar_fadedgnrine
D:2:      layout_rooms, amethyst_killhole
D:3:      layout_rooms, mainiacjoe_overflow_24_doors,
          kennysheep_generic_room_15, uniq_terence
D:4:      minmay_recursive_quarters, layout_cave_pods,
          mainiacjoe_overflow_brackets, uniq_menkaure, uniq_edmund

Skill      XL: |  1  2  3  4  5  6 |
---------------+-------------------+-----
Translocations | 1 2 3 |  3.4
Stealth        | 3 |  3.0
Hexes          | 1 2 3 |  3.1
Spellcasting   | 3 |  3.6
Conjurations   | 5 |  5.3
Dodging        | 3 |  3.0

Action                   |  1- 3 |  4- 6 |  7- 9 || total
-------------------------+-------+-------+-------++-------
Melee: Unarmed           |     6 |       |       ||     6
       Constrict         |    14 |     6 |       ||    20
       Dagger            |    27 |    13 |       ||    40
       Tentacles         |     5 |     5 |       ||    10
       Short sword       |       |     6 |       ||     6
       Punch             |       |     1 |       ||     1
Throw: Dart              |       |     7 |       ||     7
 Cast: Magic Dart        |    48 |    59 |     2 ||   109
       Searing Ray       |     4 |    15 |     2 ||    21
 Stab: Sleeping          |     1 |       |       ||     1
Armor: Skin              |     3 |     4 |       ||     7
Dodge: Dodged            |    15 |    19 |       ||    34
